 Dungeon Crawl Stone Soup version 0.20.1-1-g8b1a95d (webtiles) character file.

2162 Dtwonfire the Carver (level 9, -3/78 HPs)
             Began as a Minotaur Fighter on Dec 17, 2017.
             Was an Initiate of the Shining One.
             Slain by a gnoll
             ... wielding a +4 flail
              (6 damage)
             ... on level 7 of the Dungeon.
             The game lasted 00:33:14 (5604 turns).

Dtwonfire the Carver (Minotaur Fighter)             Turns: 5604, Time: 00:33:14

Health: -3/78      AC:  7    Str: 26    XL:     9   Next: 10%
Magic:  8/8        EV:  9    Int:  7    God:    the Shining One [......]
Gold:   226        SH: 11    Dex: 10    Spells: 8/8 levels left

rFire    . . .     SeeInvis .   D - +2 falchion (slice)
rCold    . . .     Gourm    .   c - +0 shield
rNeg     . . .     Faith    .   b - +0 scale mail
rPois    .         Spirit   .   (helmet restricted)
rElec    .         Reflect  .   I - +0 cloak
rCorr    .         Harm     .   X - +0 pair of gloves
MR       .....                  (no boots)
Stlth    ..........             (no amulet)
Regen    0.3/turn               K - +2 ring of strength
MPRegen  0.2/turn               (no ring)

@: glowing, drained
A: retaliatory headbutt, horns 2, clever 1, deformed body, mutation resistance
1, sense surroundings 1
a: Renounce Religion


You were on level 7 of the Dungeon.
You worshipped the Shining One.
The Shining One was noncommittal.
You were not hungry.

You visited 2 branches of the dungeon, and saw 8 of its levels.

You collected 226 gold pieces.

Inventory:

Hand Weapons
 a - a +0 long sword
 g - a +0 antimagic dagger
 h - a +0 giant club
 n - a +0 giant spiked club
 o - a cursed +0 club
 v - a +0 flail
 y - a +4 shortbow of flaming
 B - a +0 giant club
 C - a +0 giant spiked club
 D - a +2 falchion of slicing (weapon)
 E - a +0 war axe
 G - a +0 dagger of flaming
 H - a +3 quarterstaff of chaos
 J - a +0 arbalest
 M - a +0 falchion
 O - a +0 mace
 Q - a +0 giant club
Missiles
 i - 26 bolts
 l - 4 javelins of penetration
 p - 185 stones (quivered)
 N - 59 arrows
 P - 2 javelins
Armour
 b - a +0 scale mail (worn)
 c - a +0 shield (worn)
 j - a +0 robe
 I - a +0 cloak (worn)
 X - a +0 pair of gloves (worn)
Magical Staves
 U - an uncursed staff of conjuration {unknown}
Jewellery
 K - a +2 ring of strength (left hand)
Wands
 e - a wand of polymorph (7/24)
Scrolls
 d - a scroll of teleportation
 k - a scroll of immolation {short}
 m - 2 scrolls of amnesia
 r - a scroll of enchant armour {unknown}
 s - a scroll of fog
 t - 6 scrolls of identify
 x - a scroll of random uselessness
 T - 2 scrolls of remove curse
 V - a scroll of blinking
Potions
 q - 2 potions of degeneration {unknown}
 u - 2 potions of haste
 w - a potion of agility
 F - a potion of curing {unknown}
 L - a potion of berserk rage {unknown}
 R - 2 potions of mutation
Comestibles
 f - 4 bread rations
 z - a fruit
 A - 2 meat rations
 Z - 2 royal jellies


   Skills:
 + Level 6.5(5.3) Fighting
 + Level 8.2(6.9) Long Blades
 + Level 2.0(0.9) Throwing
 + Level 7.6(6.3) Armour
 + Level 3.7(2.6) Dodging
 + Level 0.5(0.0) Stealth
 + Level 7.5(6.3) Shields


You had 8 spell levels left.
You didn't know any spells.

Dungeon Overview and Level Annotations

Branches:
Dungeon (7/15)             Temple (1/1) D:6

Altars:
Ashenzari
Cheibriados
Dithmenos
Fedhas
Gozag
Hepliaklqana
Kikubaaqudgha
Makhleb
Qazlal
Ru
Sif Muna
Uskayaw
Vehumet
Xom
Yredelemnul
Zin
The Shining One

Shops:
D:6 *

Annotations:
D:7 Pikel


Innate Abilities, Weirdness & Mutations

You reflexively headbutt those who attack you in melee.
You have a pair of horns on your head.
Your mind is acute. (Int +2)
Armour fits poorly on your strangely shaped body.
You are somewhat resistant to further mutation.
You passively map a small area around you.


Message History

You hit the wight but do no damage. The slave closely misses you.
You riposte.
Your shield and scale mail prevent you from hitting the slave.
The wight hits you with an enchanted short sword!
You feel drained.
The gnoll hits you from afar with a spear.
You block the wight's attack. You block the slave's attack.
The gnoll hits you from afar with a halberd!
The gnoll hits you with an enchanted flail!
* * * LOW HITPOINT WARNING * * *
The wight hits you with a morningstar of freezing!
* * * LOW HITPOINT WARNING * * *
You feel drained.
* * * LOW HITPOINT WARNING * * *
The wight freezes you.
* * * LOW HITPOINT WARNING * * *
The slave hits you.
* * * LOW HITPOINT WARNING * * *
You block the gnoll's attack.
The gnoll hits you with an enchanted flail.
You die...

* .(........., #....# *
.........., #.#### , ,
.........###########.##..
,
.........................
.........################
**######...####### #
#.......... # #....#####+
* * # * #.p@g...... , * ,
#.pzzg..... * *
#.pzpg....., * ,
.....K.......,
............... ,, *
######......... , , ,
#......... #..(...... ,
#.........* *


You could see Pikel, 4 slaves, 3 wights and 3 gnolls.

Vanquished Creatures
  Menkaure (D:5)
  The ghost of Zephyrbreeze the Gusty, an amateur TeAE of Ru (D:3)
  3 ice beasts (D:5)
  5 ogres
  A phantom (D:4)
  2 centaurs
  A water moccasin skeleton (D:4)
  A wight (D:7)
  A centaur zombie (D:6)
  4 crimson imps
  A bullfrog skeleton (D:6)
  3 hounds
  2 orc priests
  Crazy Yiuf (D:2)
  A centaur skeleton (D:4)
  An iguana (D:4)
  2 orc wizards
  7 worker ants
  Terence (D:2)
  A hound zombie (D:6)
  2 hound skeletons
  4 gnolls (D:4)
  8 adders
  A shadow imp (D:5)
  An ooze (D:2)
  An adder skeleton (D:7)
  3 worms
  2 dart slugs
  3 leopard geckos
  7 orcs
  8 giant cockroaches
  4 goblins
  7 hobgoblins
  14 jackals
  4 quokkas
  7 bats
  6 frilled lizards
  13 kobolds
  A leopard gecko skeleton (D:6)
  3 rats
  2 fungi (D:2)
141 creatures vanquished.

Vanquished Creatures (others)
  A worm (D:3)
1 creature vanquished.

Grand Total: 142 creatures vanquished

Notes
Turn   | Place    | Note
-------+----------+-------------------------------------------
     0 | D:1      | Dtwonfire the Minotaur Fighter began the quest for the Orb.
     0 | D:1      | Reached XP level 1. HP: 19/19 MP: 0/0
    59 | D:1      | Reached XP level 2. HP: 23/27 MP: 1/1
   726 | D:1      | Reached XP level 3. HP: 33/33 MP: 2/2
   870 | D:2      | Reached skill level 3 in Long Blades
   924 | D:2      | Reached skill level 1 in Dodging
   928 | D:2      | Reached XP level 4. HP: 20/40 MP: 3/3
  1196 | D:2      | Noticed Terence
  1213 | D:2      | Killed Terence
  1456 | D:2      | Found a runed door.
  1460 | D:2      | Noticed Crazy Yiuf
  1464 | D:2      | Killed Crazy Yiuf
  1464 | D:2      | Reached XP level 5. HP: 46/46 MP: 4/4
  2055 | D:3      | Noticed Zephyrbreeze's ghost (amateur TeAE)
  2074 | D:3      | Killed Zephyrbreeze's ghost
  2074 | D:3      | Reached skill level 4 in Long Blades
  2074 | D:3      | Reached skill level 5 in Shields
  2844 | D:4      | Reached XP level 6. HP: 53/53 MP: 5/5
  2850 | D:4      | Reached skill level 5 in Armour
  3040 | D:4      | Reached skill level 5 in Long Blades
  3191 | D:4      | Reached XP level 7. HP: 14/60 MP: 6/6
  3226 | D:4      | Gained mutation: You passively map a small area around you. [potion of mutation]
  3226 | D:4      | Gained mutation: Armour fits poorly on your strangely shaped body. [potion of mutation]
  3226 | D:4      | Gained mutation: You are somewhat resistant to further mutation. [potion of mutation]
  3226 | D:4      | Gained mutation: Your mind is acute. (Int +2) [potion of mutation]
  3292 | D:4      | Reached skill level 5 in Fighting
  3292 | D:4      | Reached skill level 6 in Long Blades
  3701 | D:5      | Entered Level 5 of the Dungeon
  3742 | D:5      | Reached skill level 1 in Throwing
  3759 | D:5      | Reached XP level 8. HP: 46/68 MP: 7/7
  3946 | D:5      | Noticed Menkaure
  3951 | D:5      | Killed Menkaure
  3971 | D:5      | Reached skill level 7 in Long Blades
  4622 | D:6      | Found a staircase to the Ecumenical Temple.
  4639 | Temple   | Entered the Ecumenical Temple
  4891 | Temple   | Became a worshipper of the Shining One
  5110 | D:6      | Found a shattered altar of Ashenzari.
  5203 | D:6      | Found Vocaemn's Assorted Antiques.
  5277 | D:6      | Reached skill level 8 in Long Blades
  5277 | D:6      | Reached XP level 9. HP: 58/78 MP: 8/8
  5597 | D:7      | Noticed Pikel
  5604 | D:7      | HP: 3/78 [slave[Pikel] (2)]
  5604 | D:7      | Slain by a gnoll

Skill      XL: |  1  2  3  4  5  6  7  8 |
---------------+-------------------------+-----
Shields        | 4 5 6 7 |  7.5
Armour         | 4 5 6 7 |  7.6
Long Blades    | 3 4 5 6 8 |  8.2
Fighting       | 4 5 6 |  6.5
Dodging        | 1 2 3 |  3.7
Throwing       | 1 2 |  2.0
Stealth        | |  0.5

Action                   |  1- 3 |  4- 6 |  7- 9 || total
-------------------------+-------+-------+-------++-------
Melee: Long sword        |    76 |    32 |       ||   108
       Headbutt          |    13 |    26 |    39 ||    78
       Falchion          |       |   108 |   169 ||   277
Throw: Stone             |       |       |    24 ||    24
  Use: Scroll            |       |     3 |     6 ||     9
       Potion            |       |     1 |     6 ||     7
  Eat: Fruit             |     1 |     3 |       ||     4
       Bread ration      |       |     1 |     2 ||     3
       Chunk             |       |     1 |       ||     1
Armor: Scale mail        |    50 |    48 |    52 ||   150
       Skin              |       |       |    14 ||    14
Dodge: Dodged            |    27 |    41 |    67 ||   135
Block: Shield            |    64 |    77 |   104 ||   245
       Rpst.: Long sword |     7 |     1 |       ||     8
       Falchion          |       |     8 |    15 ||    23
